 Dungeon Crawl Stone Soup version 0.24.0-124-g2791043dd8 (webtiles) character file.

Game seed: 5741910304938808195, levelgen mode: deterministic

389 HawFromDerth the Chopper (level 6, -24/53 HPs)
             Began as a Hill Orc Fighter on Feb 15, 2020.
             Annihilated by an ogre
             ... wielding a +0 giant club
              (29 damage)
             ... on level 4 of the Dungeon.
             The game lasted 00:06:58 (4098 turns).

HawFromDerth the Chopper (Hill Orc Fighter)         Turns: 4098, Time: 00:06:59

Health: -24/53     AC:  7    Str: 21    XL:     6   Next: 79%
Magic:  5/5        EV:  8    Int:  8    God:
Gold:   132        SH: 10    Dex: 12    Spells: 5/5 levels left

rFire    . . .     SeeInvis .   a - +0 war axe
rCold    . . .     Gourm    .   m - +0 shield
rNeg     . . .     Faith    .   h - -1 scale mail
rPois    .         Spirit   .   (no helmet)
rElec    .         Reflect  .   j - +0 cloak {MR+}
rCorr    .         Harm     .   (no gloves)
MR       ++...                  (no boots)
Stlth    ..........             (no amulet)
HPRegen  0.17/turn              i - ring of wizardry
MPRegen  0.09/turn              n - ring of protection from magic

@: no status effects
A: agile 1, low mp 1, wild magic 1
a: no special abilities


You were on level 4 of the Dungeon.
You were not hungry.

You visited 1 branch of the dungeon, and saw 4 of its levels.

You collected 132 gold pieces.

Inventory:

Hand Weapons
 a - a +0 war axe (weapon)
Armour
 b - a +0 chain mail
 h - a -1 scale mail (worn)
 j - a +0 cloak of magic resistance (worn)
 m - a +0 shield (worn)
Jewellery
 i - a ring of wizardry (left hand)
 n - a ring of protection from magic (right hand)
 q - an uncursed ring of protection from magic
Scrolls
 c - a scroll of magic mapping {unknown}
 d - a scroll of identify {unknown}
 g - a scroll of teleportation
Potions
 e - a potion of curing
Comestibles
 f - 12 rations


   Skills:
 + Level 4.6 Fighting
 + Level 5.6 Axes
 + Level 5.1 Armour
 + Level 1.1 Dodging
 + Level 4.6 Shields


You had 5 spell levels left.
You didn't know any spells.
Your spell library was empty.

Dungeon Overview and Level Annotations

Branches:
Dungeon (4/15)
 Temple: D:4-7

Altars:
Yredelemnul


Innate Abilities, Weirdness & Mutations

You are agile. (Dex +2)
Your magical capacity is low. (-10% MP)
Your spells are a little harder to cast, but a little more powerful.


Message History

The ogre is moderately wounded.
The ogre hits you with a +0 giant club!!
An orc comes into view. It is wielding a +0 short sword.
You barely miss the ogre.
The ogre is moderately wounded.
The orc shouts!
You block the ogre's attack.
You slash the ogre!
The ogre is heavily wounded.
You block the ogre's attack.
Your shield and scale mail prevent you from hitting the ogre.
The ogre is heavily wounded.
The ogre hits you with a +0 giant club!!
Ouch! That really hurt!
* * * LOW HITPOINT WARNING * * *
You slash the ogre!
The ogre is almost dead.
The ogre hits you with a +0 giant club!!
Ouch! That really hurt!
You die...

####+##.... #.........
#........# #........#
#...[....# #........#
#...hh...# #O# #@# #.#
###### #.# #....# #.#
#.##.# #.# #.##.# #.#
#.##.#
######'#########.##.#
#.......#)...))..##.#
#............######.###


You could see an ogre and 2 jackals.

Vanquished Creatures
  A phantom (D:4)
  A bullfrog (D:4)
  An orc priest (D:3)
  An orc wizard (D:4)
  A bullfrog skeleton (D:4)
  4 adders
  5 gnolls
  A shadow imp (D:2)
  An ooze (D:1)
  A worm (D:2)
  A dart slug (D:3)
  12 orcs
  4 bats
  3 giant cockroaches
  7 goblins
  5 hobgoblins
  5 kobolds
  A frilled lizard (D:3)
  6 rats
61 creatures vanquished.

Notes
Turn   | Place    | Note
-------+----------+-------------------------------------------
     0 | D:1      | HawFromDerth the Hill Orc Fighter began the quest for the
                  | Orb.
     0 | D:1      | Reached XP level 1. HP: 19/19 MP: 1/1
    88 | D:1      | Reached XP level 2. HP: 26/27 MP: 2/2
   830 | D:1      | Reached XP level 3. HP: 33/33 MP: 3/3
  1558 | D:2      | Reached XP level 4. HP: 41/41 MP: 4/4
  1804 | D:2      | Found a basalt altar of Yredelemnul.
  2693 | D:3      | Reached XP level 5. HP: 43/47 MP: 5/5
  3122 | D:3      | Gained mutation: Your magical capacity is low. (-10% MP)
                  | [potion of mutation]
  3122 | D:3      | Gained mutation: Your spells are a little harder to cast,
                  | but a little more powerful. [potion of mutation]
  3122 | D:3      | Gained mutation: You are agile. (Dex +2) [potion of
                  | mutation]
  3730 | D:4      | Reached XP level 6. HP: 41/53 MP: 5/5
  3738 | D:4      | Reached skill level 5 in Axes
  3738 | D:4      | Reached skill level 5 in Armour
  3997 | D:4      | Noticed a phantom
  4010 | D:4      | Killed a phantom
  4010 | D:4      | Reached skill level 1 in Dodging
  4098 | D:4      | Annihilated by an ogre

Levels and vault maps discovered:
D:1:      minmay_arrival_jagged, layout_rooms
D:2:      layout_basic, lemuel_doored_altar
D:3:      layout_loops_ring, kennysheep_generic_room_11
D:4:      layout_basic, kennysheep_mini_moat, first_ration, uniq_sigmund

Skill      XL: |  1  2  3  4  5  6 |
---------------+-------------------+-----
Fighting       | 4 |  4.6
Axes           | 3 4 5 |  5.6
Armour         | 4 5 |  5.1
Shields        | 4 |  4.6
Dodging        | 1 |  1.1

Action                   |  1- 3 |  4- 6 || total
-------------------------+-------+-------++-------
Melee: War axe           |    73 |   157 ||   230
  Use: Scroll            |       |     6 ||     6
       Potion            |       |     6 ||     6
  Eat: Ration            |     1 |     2 ||     3
Armor: Scale mail        |    26 |    14 ||    40
       Chain mail        |     5 |    39 ||    44
Dodge: Dodged            |    20 |    31 ||    51
Block: Shield            |    36 |    84 ||   120
